 Dungeon Crawl Stone Soup version 0.27-a0-828-g8289197 (webtiles) character file.

Game seed: 421342346362784592

61 2tousent the Sneak (level 4, -8/21 HPs)
             Began as a Vine Stalker Enchanter on Mar 30, 2021.
             Was an Initiate of Dithmenos.
             Mangled by Crazy Yiuf
             ... wielding a +3 quarterstaff of chaos
              (13 damage)
             ... while paralysed by Crazy Yiuf
             ... on level 2 of the Dungeon.
             The game lasted 00:04:12 (2371 turns).

2tousent the Sneak (Vine Stalker Enchanter)         Turns: 2371, Time: 00:04:13

Health: -8/21      AC:  2    Str: 11    XL:     4   Next: 7%
Magic:  0/8        EV:  2    Int: 15    God:    Dithmenos [......]
Gold:   79         SH:  0    Dex: 15    Spells: 5/8 levels left

rFire    . . .     SeeInvis .   a - +1 dagger
rCold    . . .     Faith    .   (no shield)
rNeg     . . .     Spirit   +   b - +0 robe
rPois    .         Reflect  .   (no helmet)
rElec    .         Harm     .   (no cloak)
rCorr    .         Rampage  .   (no gloves)
Will     .....                  (no boots)
Stlth    +++.......             g - amulet of the acrobat
HPRegen  1.07/turn              (no ring)
MPRegen  0.11/turn              (no ring)

@: paralysed, agile
A: fangs 2, regeneration 1, magic shield, antimagic bite, no potion heal 3
a: Renounce Religion


You were on level 2 of the Dungeon.
You worshipped Dithmenos.
Dithmenos was noncommittal.
You visited 1 branch of the dungeon, and saw 2 of its levels.

You collected 79 gold pieces.

Inventory:

Hand Weapons
 a - a +1 dagger (weapon)
Armour
 b - a +0 robe (worn)
Jewellery
 g - an amulet of the acrobat (around neck)
 i - a +4 ring of protection
Scrolls
 f - a scroll of noise
 j - a scroll of teleportation {unknown}
Potions
 c - 2 potions of invisibility {unknown}
 d - 2 potions of haste {unknown}
 e - a potion of resistance {unknown}
 h - 3 potions of brilliance {unknown}


   Skills:
 * Level 1.9 Short Blades
 + Level 1.9 Dodging
 * Level 4.6 Stealth
 + Level 2.5 Spellcasting
 + Level 3.2 Hexes


You had 5 spell levels left.
You knew the following spells:

 Your Spells              Type           Power      Damage    Failure   Level
a - Corona                Hex            12%        N/A       5%          1
b - Ensorcelled Hibernat  Hex/Ice        12%        N/A       17%         2

Your spell library contained the following spells:

 Spells                   Type           Power      Damage    Failure   Level
 Confusing Touch          Hex            11%        N/A       17%         3
 Tukima's Dance           Hex            11%        N/A       17%         3
 Dazzling Flash           Conj/Hex       12%        N/A       32%         3


Dungeon Overview and Level Annotations

Branches:
Dungeon (2/15)

Altars:
Ashenzari
Dithmenos
Fedhas

Annotations:
D:2 Crazy Yiuf


Innate Abilities, Weirdness & Mutations

You have extremely sharp teeth.
Your natural rate of healing is unusually fast.
When hurt, damage is shared between your health and your magic reserves.
Your bite disrupts and absorbs the magic of your enemies.
Potions cannot restore your health.


Message History

No target in view!
No target in view!
No target in view!
No target in view!
No target in view!
No target in view!
No target in view!
No target in view!
No target in view!
No target in view!
No target in view!
Key pressed, stopping explore.
You see here an adder skeleton.
There is a stone staircase leading up here.
There is a stone staircase leading up here.
Crazy Yiuf shouts!
Crazy Yiuf says, "Mugger pontify forty-two!"
You open the door.
Cast which spell? (? or * to list)
Aiming: Ensorcelled Hibernation (safe; 17% risk of failure)
Press: ? - help, Shift-Dir - straight line, f - Crazy Yiuf
Aim: Crazy Yiuf, wielding a +3 quarterstaff of chaos and wearing a +1 cloak of willpower (chance to affect: 16%)
Okay, then.
Crazy Yiuf yells, "Shadow sing dark!"
Crazy Yiuf says, "Lay turtle dark!"
You hit Crazy Yiuf. You bite Crazy Yiuf, but do no damage.
Crazy Yiuf is lightly wounded.
Crazy Yiuf hits you with a +3 quarterstaff of chaos!
You feel agile all of a sudden.
You barely miss Crazy Yiuf.
Crazy Yiuf is lightly wounded.
You closely miss Crazy Yiuf.
Crazy Yiuf is lightly wounded.
Crazy Yiuf says, "Cholesterol!"
Crazy Yiuf hits you with a +3 quarterstaff of chaos!
* * * LOW HITPOINT WARNING * * *
You suddenly lose the ability to move!
Crazy Yiuf hits you with a +3 quarterstaff of chaos!
Ouch! That really hurt!
You die...

...........)...............#.#
.####............###.#####...#
.# #..............##.# ##.###
.# #.................# #...#
.# #.........#....#### ###.#
.####.....####....# #.#
.....#[...# ##..## #.#
..........# ♣PP.P♣ #.#
.....###### ♣♣P@.♣ ######.#
.....# ♣♣g♣♣ ####......###
.....## ♣♣.♣ #...........#
......##### ♣.♣♣ ####^######.#
..........# ♣♣.♣ ### #.#
......##### ♣.♣♣ #.# ...#.##
#'# #.# #.##.# ... ##.#
#.##.###### #...# #..#


You could see Crazy Yiuf.

Vanquished Creatures
  3 adders (D:2)
  4 ball pythons (D:1)
  3 bats
  An endoplasm (D:1)
  3 giant cockroaches (D:1)
  5 goblins
  3 hobgoblins
  A kobold (D:2)
  2 quokkas
  A frilled lizard (D:1)
  7 rats
33 creatures vanquished.

Notes
Turn   | Place    | Note
-------+----------+-------------------------------------------
     0 | D:1      | 2tousent the Vine Stalker Enchanter began the quest for the
                  | Orb.
     0 | D:1      | Reached XP level 1. HP: 9/9 MP: 4/4
   116 | D:1      | Reached skill level 1 in Short Blades
   346 | D:1      | Reached XP level 2. HP: 9/13 MP: 4/6
   349 | D:1      | Learned a level 2 spell: Ensorcelled Hibernation
   455 | D:1      | Found a broken altar of Ashenzari.
   498 | D:1      | Reached skill level 4 in Stealth
  1477 | D:1      | Reached XP level 3. HP: 16/16 MP: 7/7
  1709 | D:2      | Found a blossoming altar of Fedhas.
  1861 | D:2      | Gained mutation: Your natural rate of healing is unusually
                  | fast. [Vine Stalker growth]
  1861 | D:2      | Reached XP level 4. HP: 3/21 MP: 3/8
  1921 | D:2      | Found a shadowy altar of Dithmenos.
  1934 | D:2      | Became a worshipper of Dithmenos the Shadowed
  2126 | D:2      | Found a runed translucent door.
  2127 | D:2      | Noticed Crazy Yiuf
  2370 | D:2      | Paralysed by Crazy Yiuf for 6 turns
  2371 | D:2      | Mangled by Crazy Yiuf

Illustrated notes

Levels and vault maps discovered:
D:1:      eino_arrival_cavern_e, layout_loops_cross,
          nicolae_ashenzari_panopticon
D:2:      layout_loops_ring, nicolae_dithmenos_shadow_blocks, fedhas_altar_1,
          uniq_crazy_yiuf_cottage

Skill      XL: |  1  2 |
---------------+-------+-----
Short Blades   | 1 |  1.9
Stealth        | 4 |  4.6
Dodging        | |  1.9
Spellcasting   | |  2.5
Hexes          | |  3.2

Action                   |  1- 3 |  4- 6 || total
-------------------------+-------+-------++-------
Melee: Dagger            |    89 |     6 ||    95
       Bite              |    16 |     2 ||    18
  Use: Scroll            |     2 |       ||     2
 Stab: Sleeping          |    11 |     1 ||    12
Armor: Robe              |    16 |       ||    16
Dodge: Dodged            |    49 |     3 ||    52

Table legend: (Time is in decaauts)
 A = Elapsed time spent in this place.
 B = Non-inter-level travel time spent in this place.
 C = Inter-level travel time spent in this place.
 D = Time resting spent in this place.
 E = Time spent auto-exploring this place.
 F = Levels seen in this place.
 G = Mean time per level.
                   A        B        C        D        E       F      G
               +--------+--------+--------+--------+--------+-----+--------+
         Total |   2364 |   2350 |     14 |      0 |   2101 |   2 | 1182.0 |
       Dungeon |   2364 |   2350 |     14 |      0 |   2101 |   2 | 1182.0 |
               +--------+--------+--------+--------+--------+-----+--------+

Top non-repeatable levels by time:
     D:1: 1502 daAuts
     D:2: 862 daAuts
